 Dungeon Crawl Stone Soup version 0.21-a0-504-g2eda33064f (webtiles) character file.

269 Kaname the Conjurer (level 6, 40/41 HPs)
             Began as a Demonspawn Wizard on Nov 26, 2017.
             Quit the game on level 3 of the Dungeon.
             The game lasted 00:07:01 (2338 turns).

Kaname the Conjurer (Demonspawn Wizard)             Turns: 2338, Time: 00:07:01

Health: 40/41      AC:  4    Str:  7    XL:     6   Next: 1%
Magic:  0/10       EV: 12    Int: 22    God:
Gold:   148        SH:  9    Dex: 11    Spells: 2/11 levels left

rFire    . . .     SeeInvis .   C - +0 spear
rCold    . . .     Gourm    .   (no shield)
rNeg     . . .     Faith    .   a - +0 robe
rPois    .         Spirit   .   b - +0 hat
rElec    .         Reflect  +   u - +0 cloak
rCorr    .         Harm     .   m - +0 pair of gloves
MR       .....                  (no boots)
Stlth    +++.......             e - +3 amulet of reflection
HPRegen  0.13/turn              (no ring)
MPRegen  0.12/turn              (no ring)

@: no status effects
A: horns 1, large bone plates 2, demonic guardian 1, nightstalker 1
a: no special abilities


You were on level 3 of the Dungeon.
You were hungry.

You visited 1 branch of the dungeon, and saw 3 of its levels.

You collected 148 gold pieces.

Inventory:

Hand Weapons
 r - a +0 hunting sling
 C - a +0 spear (weapon)
Armour
 a - a +0 robe (worn)
 b - a +0 hat (worn)
 m - a +0 pair of gloves (worn)
 u - a +0 cloak (worn)
Jewellery
 e - a +3 amulet of reflection (around neck)
 s - an uncursed amulet of faith
Wands
 z - a wand of acid (7)
Scrolls
 f - a scroll of teleportation {unknown}
 g - a scroll of fog {unknown}
 j - a scroll of blinking {unknown}
 k - 2 scrolls of magic mapping
 t - 3 scrolls of remove curse {unknown}
 v - a scroll of random uselessness {unknown}
 w - a scroll of enchant weapon {unknown}
 y - a scroll of immolation {unknown}
Potions
 h - a potion of mutation {unknown}
 l - 4 potions of curing {unknown}
 o - a potion of invisibility {unknown}
 p - a potion of lignification {unknown}
 q - a potion of heal wounds {unknown}
 A - a potion of haste {unknown}
 B - a potion of ambrosia {unknown}
 D - a potion of berserk rage {unknown}
 E - a potion of magic {unknown}
 F - a potion of degeneration {unknown}
Comestibles
 d - 2 bread rations
 i - a fruit
 n - 2 meat rations
 x - 2 royal jellies


   Skills:
 - Level 1.7 Dodging
 - Level 1.7 Stealth
 - Level 3.0 Spellcasting
 - Level 4.0 Conjurations
   Level 1.0 Summonings
 - Level 1.0 Translocations
 + Level 3.3 Fire Magic
 - Level 1.0 Air Magic
 - Level 1.0 Poison Magic


You had 2 spell levels left.
You knew the following spells:

 Your Spells              Type           Power        Failure   Level  Hunger
a - Magic Dart            Conj           ###.         2%          1    None
b - Blink                 Tloc           N/A          12%         2    ##.....
c - Mephitic Cloud        Conj/Pois/Air  ##......     16%         3    ###....
d - Conjure Flame         Conj/Fire      ###.....     9%          3    ###....


Dungeon Overview and Level Annotations

Branches:
Dungeon (3/15)

Altars:


Innate Abilities, Weirdness & Mutations

You have a pair of small horns on your head.
You are mostly covered in large bone plates. (SH +6)
A weak demonic guardian rushes to your aid.
You are slightly more attuned to the shadows.


Message History

You hit Sigmund but do no damage.
Sigmund is almost dead.
Casting: Magic Dart
Confirm with . or Enter, or press ? or * to list all spells.
Aiming: Magic Dart
Press: ? - help, Shift-Dir - straight line, f/p - Sigmund
Aim: Sigmund, wielding a scythe and wearing a glowing robe (almost dead, confused)
The magic dart hits Sigmund.
You kill Sigmund!
Your Fire Magic skill gained 3 levels and is now at level 3!
You have reached level 5!
Your demonic ancestry asserts itself...
Large bone plates grow over parts of your arms.
You have reached level 6!
Your experience leads to an increase in your attributes!
Increase (S)trength, (I)ntelligence, or (D)exterity?
You feel clever.
Your demonic ancestry asserts itself...
Large bone plates spread over more of your arms.
Your shadow imp disappears in a puff of smoke!
Are you sure you want to abandon this character and quit the game? (Confirm with "yes".)

#.#..............##...
#.#.##..#........##...
#.#.....#.....(..#...)
#.#.(##.#..........:..
#.#..##.#........#....
#................##...
####.#####....>..##...
####ยง################.
#...5@).# #. #.##.##.#
. # #.# # #.. ###


You could see a friendly shadow imp.

Vanquished Creatures
  Sigmund (D:3)
  A hound zombie (D:3)
  5 adders
  A dart slug (D:3)
  A leopard gecko (D:3)
  An orc (D:3)
  A ball python (D:1)
  A giant cockroach (D:2)
  10 goblins
  6 hobgoblins
  2 jackals (D:2)
  11 kobolds
  12 bats
  2 frilled lizards
  7 rats
62 creatures vanquished.

Notes
Turn   | Place    | Note
-------+----------+-------------------------------------------
     0 | D:1      | Kaname the Demonspawn Wizard began the quest for the Orb.
     0 | D:1      | Reached XP level 1. HP: 13/13 MP: 4/4
   459 | D:1      | Reached skill level 2 in Conjurations
   486 | D:1      | Gained mutation: You have a pair of small horns on your head. [demonic ancestry]
   486 | D:1      | Reached XP level 2. HP: 19/19 MP: 1/6
   987 | D:1      | Reached skill level 3 in Conjurations
   991 | D:1      | Learned a level 2 spell: Blink
  1103 | D:2      | Reached skill level 1 in Translocations
  1103 | D:2      | Gained mutation: You are slightly more attuned to the shadows. [demonic ancestry]
  1103 | D:2      | Reached XP level 3. HP: 23/24 MP: 5/7
  1146 | D:2      | Learned a level 3 spell: Mephitic Cloud
  1347 | D:2      | Reached skill level 1 in Poison Magic
  1352 | D:2      | Reached skill level 1 in Air Magic
  1605 | D:2      | Gained mutation: A weak demonic guardian rushes to your aid. [demonic ancestry]
  1605 | D:2      | Reached XP level 4. HP: 22/30 MP: 2/8
  1910 | D:3      | Reached skill level 4 in Conjurations
  1921 | D:3      | Learned a level 3 spell: Conjure Flame
  2318 | D:3      | Noticed Sigmund
  2337 | D:3      | Killed Sigmund
  2337 | D:3      | Gained mutation: You are partially covered in large bone plates. (SH +4) [demonic ancestry]
  2337 | D:3      | Reached XP level 5. HP: 34/35 MP: 0/9
  2337 | D:3      | Gained mutation: You are mostly covered in large bone plates. (SH +6) [demonic ancestry]
  2337 | D:3      | Reached XP level 6. HP: 39/41 MP: 0/10
  2338 | D:3      | Quit the game

Vault maps used:
D:1:      lightli_arrival_boilingwater
D:3:      first_bread, kennysheep_generic_room_13, uniq_sigmund

Skill      XL: |  1  2  3  4 |
---------------+-------------+-----
Conjurations   | 2 3 4 |  4.0
Translocations | 1 |  1.0
Poison Magic   | 1 |  1.0
Air Magic      | 1 |  1.0
Fire Magic     | 3 |  3.3
Dodging        | |  1.7
Stealth        | |  1.7
Spellcasting   | |  3.0
Summonings     | |  1.0

Action                   |  1- 3 |  4- 6 || total
-------------------------+-------+-------++-------
Melee: Unarmed           |    19 |       ||    19
       Dagger            |    12 |       ||    12
       Short sword       |    27 |       ||    27
       Headbutt          |     6 |     5 ||    11
       Spear             |       |    63 ||    63
Throw: Stone             |     3 |       ||     3
 Cast: Magic Dart        |    89 |    30 ||   119
       Mephitic Cloud    |       |     1 ||     1
  Use: Scroll            |       |     1 ||     1
 Stab: Sleeping          |       |     2 ||     2
       Distracted        |       |     1 ||     1
  Eat: Chunk             |     2 |     2 ||     4
Armor: Robe              |    16 |     6 ||    22
Dodge: Dodged            |    60 |    40 ||   100
Block: Other             |       |     6 ||     6

Table legend:
 A = Spawn XP
 B = Non-spawn XP
 C = Spawn XP percentage of total XP
 D = Spawn monster count
 E = Non-spawn monster count
 F = Spawn count percentage of total count
 G = Total turns spent on level
                    A         B        C        D         E        F      G
               +---------+---------+-------+---------+---------+-------+---------
         Total |       0 |     385 |   0.0 |       0 |      62 |   0.0 |  2338
               +---------+---------+-------+---------+---------+-------+---------
           D:1 |       0 |      40 |   0.0 |       0 |      25 |   0.0 |  1098
           D:2 |       0 |      70 |   0.0 |       0 |      22 |   0.0 |   617
           D:3 |       0 |     275 |   0.0 |       0 |      15 |   0.0 |   623
               +---------+---------+-------+---------+---------+-------+---------
